Map: Disco Bloodbath LE

Players

Probe

  • Race: Protoss Protoss
  • Spawn Location: 9:00

PengWin - Winner!

  • Race: Zerg Zerg
  • Spawn Location: 3:00

VOD

Have the link to the VOD?

Description

Time

  • Played on: Sept. 6, 2019, 2:32 p.m.
  • Length: 26:53
Show
View Real Time Build Order
Export as new Build Order

Probe Protoss 

Build Orders: 1 Gate Expand, Chargelot Immortal 

Get SALT Encoding   

  12  0:00  Probe  
  13  0:12  Probe  
  14  0:20  Pylon  
  14  0:24  Probe  
  15  0:34  Probe  
  15  0:40  Gateway  
  15  0:42  Probe  
  16  0:48  Assimilator  
  17  0:52  Probe  
  18  1:04  Probe  
  19  1:16  Probe  
  20  1:24  Nexus  
  20  1:36  Cybernetics Core  
  20  1:38  Probe  
  21  1:42  Assimilator  
  21  1:50  Probe  
  21  1:52  Pylon  
  22  2:02  Probe  
  22  2:03  Adept  
  23  2:10  Probe  
  23  2:12  Warp Gate  
  26  2:18  Probe  
  27  2:23  Robotics Facility  
  27  2:28  Probe  
  27  2:32  Stalker  
  27  2:34  Probe  
  30  2:40  Probe  
  30  2:44  Probe  
  33  2:52  Probe  
  33  2:55  Probe  
  35  3:00  Immortal  
  35  3:04  Probe  
  38  3:05  Sentry  
  38  3:07  Probe  
  43  3:16  Probe  
  43  3:17  Pylon  
  43  3:19  Probe  
  45  3:29  Warp Prism, Probe  
  45  3:32  Gateway  
  46  3:35  Probe  
  46  3:41  Probe  
  50  3:47  Pylon, Probe  
  51  3:53  Probe  
  52  3:59  Probe  
  52  4:02  Assimilator  
  53  4:04  Pylon  
  53  4:05  Immortal, Probe  
  53  4:06  Shield Battery, Adept  
  56  4:11  Probe  
  61  4:22  Assimilator  
  61  4:25  Pylon  
  61  4:30  Probe x2  
  63  4:32  Twilight Council  
  63  4:44  Immortal  
  67  4:46  Stargate  
  65  4:59  Blink, Probe x2  
  65  5:00  Zealot x2  
  69  5:11  Pylon  
  69  5:15  Gateway x2  
  69  5:18  Pylon  
  69  5:21  Phoenix  
  69  5:27  Zealot x2  
  73  5:31  Shield Battery  
  73  5:34  Gateway  
  75  5:45  Phoenix  
  77  6:01  Stalker x2  
  77  6:03  Pylon  
  81  6:05  Pylon  
  81  6:08  Phoenix  
  83  6:12  Observer  
  84  6:20  Nexus  
  84  6:21  Pylon  
  84  6:25  Phoenix  
  83  6:26  Adept  
  83  6:32  Zealot x2  
  91  6:42  Stalker x2  
  95  6:47  Gateway  
  95  6:49  Gateway  
  95  6:52  Phoenix  
  97  6:58  Gateway  
  97  7:05  Templar Archives  
  97  7:14  Stalker  
  97  7:15  Stalker x2  
  103  7:20  Stalker x2  
  107  7:46  Stalker x6  
  119  7:52  Psionic Storm, Charge  
  112  7:58  Probe x2  
  112  7:59  Probe  
  112  8:02  Observer  
  115  8:10  Probe x2  
  115  8:12  Probe  
  116  8:15  High Templar  
  116  8:16  Zealot x3  
  124  8:22  Probe x2  
  124  8:24  Probe  
  127  8:28  Observer  
  127  8:34  Probe  
  127  8:35  High Templar  
  127  8:40  Zealot  
  132  8:42  Pylon  
  132  8:43  Probe  
  133  8:51  Immortal  
  133  9:00  Probe x3  
  140  9:03  Assimilator  
  140  9:04  Pylon x2, Assimilator  
  140  9:06  Pylon  
  140  9:08  Pylon  
  140  9:12  Probe  
  140  9:15  Pylon  
  141  9:17  Pylon  
  141  9:21  Phoenix  
  141  9:22  Probe  
  144  9:24  Probe  
  144  9:25  Probe  
  144  9:30  High Templar x3  
  150  9:34  Forge, Probe  
  150  9:36  Probe, Zealot x3  
  158  9:42  Stalker  
  158  9:45  Observer  
  158  9:51  Forge  
  152  10:03  Stalker  
  152  10:04  Stalker x5  
  164  10:18  Zealot  
  164  10:20  Zealot  
  161  10:34  Zealot x6  
  158  10:46  Probe x2  
  158  10:48  Probe  
  150  10:58  Probe x2  
  150  11:01  Probe  
  150  11:04  Stalker x8  
  152  11:14  Probe x3  
  151  11:26  Probe x3  
  151  11:30  High Templar x5  
  158  11:34  High Templar  
  158  11:37  Archon x2  
  158  11:38  Archon, Probe, Zealot x2  
  147  12:06  Stalker x7  
  144  12:30  Stalker  
  144  12:31  Stalker x3  
  137  13:05  Archon  
  137  13:06  Archon  
  137  13:11  Stalker x6  
  107  13:43  Stalker x5  
  109  14:01  High Templar  
  109  14:02  Probe x2  
  108  14:07  High Templar  
  109  14:12  Probe x2  
  111  14:20  Probe x2  
  111  14:29  Probe x2  
  113  14:39  Probe x2, High Templar x2  
  119  14:47  Probe  
  119  14:51  Probe  
  121  15:01  Zealot x4  
  129  15:13  Zealot  
  129  15:14  Zealot  
  133  15:33  Zealot x2, High Templar x2  
  133  15:38  Probe x2  
  135  15:52  Stalker x2  
  135  15:54  Zealot  
  141  16:13  Pylon  
  141  16:14  Pylon  
  100  17:48  Nexus  
  89  18:56  Nexus  
  88  19:21  Nexus  
  69  20:38  Pylon  
  69  20:39  Pylon  
  69  20:40  Pylon  
  69  20:43  Pylon  
  47  21:42  Pylon  
  47  22:12  Probe  
  48  22:41  Probe  
  49  23:05  Probe  
  46  23:28  Probe  
  47  23:48  Probe  
  47  24:02  Probe  
  48  24:23  Probe  
  48  24:39  Probe  
  47  24:51  Probe  
  48  25:01  Probe  
  49  25:15  Probe  
  48  25:40  Probe  
  46  25:48  Probe  
  46  25:56  Probe  
  48  26:07  Probe  
  49  26:19  Probe  
  50  26:31  Probe  
Show
View Real Time Build Order
Export as new Build Order

PengWin Zerg - Winner!

Build Orders: Hatch First 

Get SALT Encoding   

  12  0:01  Drone  
  13  0:12  Overlord  
  13  0:17  Drone  
  14  0:30  Drone x2  
  16  0:48  Hatchery  
  15  0:50  Drone  
  15  0:54  Drone  
  17  0:59  Extractor  
  16  1:10  Spawning Pool  
  15  1:13  Drone  
  15  1:15  Drone  
  17  1:20  Drone  
  18  1:27  Drone  
  19  1:39  Overlord  
  19  1:56  Queen  
  19  1:58  Drone  
  19  1:59  Metabolic Boost  
  22  2:01  Queen  
  22  2:05  Drone  
  25  2:09  Drone  
  25  2:14  Drone x2  
  28  2:22  Zergling x4  
  30  2:32  Drone x2  
  32  2:39  Queen  
  32  2:43  Overlord, Zergling x2  
  35  2:49  Lair  
  35  2:53  Drone  
  36  3:08  Drone  
  36  3:09  Drone x5  
  42  3:13  Overlord x2  
  42  3:22  Extractor  
  42  3:24  Extractor  
  42  3:25  Extractor  
  39  3:32  Drone  
  39  3:33  Drone  
  41  3:34  Drone x3  
  41  3:38  Drone  
  41  3:39  Drone x2  
  47  3:41  Overlord  
  47  3:51  Spire  
  47  3:52  Drone  
  47  3:59  Spore Crawler x2  
  47  4:00  Drone  
  47  4:01  Drone x2  
  48  4:06  Drone  
  49  4:13  Drone  
  49  4:14  Drone x3  
  49  4:16  Spine Crawler  
  52  4:20  Spine Crawler  
  51  4:32  Spine Crawler  
  51  4:35  Overlord x2  
  51  4:37  Overseer  
  48  4:52  Spore Crawler  
  46  4:55  Drone x10  
  56  5:20  Overlord x4  
  56  5:26  Hatchery, Zerg Flyer Weapons Level 1  
  55  5:35  Zergling x12  
  61  5:55  Mutalisk x3  
  61  5:56  Mutalisk x2  
  70  6:10  Corruptor  
  70  6:11  Corruptor x4  
  72  6:13  Corruptor  
  72  6:15  Extractor x2  
  80  6:30  Mutalisk  
  80  6:31  Mutalisk x2  
  85  6:34  Mutalisk  
  88  6:40  Drone x7  
  88  6:46  Overlord x2  
  94  6:54  Corruptor x2  
  94  6:58  Overlord  
  98  7:10  Mutalisk x2  
  98  7:12  Zergling x10  
  107  7:18  Mutalisk  
  107  7:21  Overlord x2  
  109  7:31  Zerg Flyer Armor Level 1  
  107  7:44  Drone x8  
  111  8:08  Hatchery  
  111  8:11  Mutalisk x6  
  122  8:20  Drone  
  122  8:21  Drone x6  
  128  8:46  Mutalisk x7  
  142  8:49  Drone x3  
  142  8:51  Extractor  
  144  8:57  Extractor  
  144  8:59  Pneumatized Carapace  
  142  9:04  Hatchery  
  142  9:05  Zergling x10  
  142  9:08  Overlord  
  142  9:09  Overlord x2  
  146  9:21  Corruptor x3  
  150  9:26  Drone x2  
  150  9:27  Drone x2  
  153  9:41  Zerg Flyer Weapons Level 2  
  153  9:45  Infestation Pit  
  152  9:54  Queen  
  154  10:03  Mutalisk x7  
  165  10:16  Overseer x2  
  165  10:23  Mutalisk  
  165  10:24  Queen  
  163  10:39  Zergling x22  
  163  10:40  Zergling x8  
  165  10:51  Burrow  
  165  10:52  Mutalisk x8  
  171  11:00  Drone x3  
  168  11:09  Drone x10  
  166  11:19  Mutalisk x3  
  172  11:28  Overlord  
  172  11:30  Overlord x2  
  171  11:44  Mutalisk  
  171  11:45  Mutalisk x3  
  171  11:46  Mutalisk  
  145  12:05  Mutalisk  
  145  12:06  Mutalisk x5  
  146  12:30  Mutalisk x5  
  146  12:36  Hatchery  
  153  12:45  Mutalisk  
  145  13:08  Mutalisk x3  
  145  13:11  Drone  
  145  13:12  Drone x11  
  146  13:46  Overseer x2  
  146  13:48  Drone x2  
  144  13:56  Mutalisk  
  144  13:57  Mutalisk x5  
  144  14:00  Drone x8  
  156  14:10  Corruptor  
  156  14:11  Corruptor x2  
  162  14:22  Mutalisk  
  162  14:23  Mutalisk  
  166  14:24  Zergling x16, Extractor x2  
  166  14:25  Zergling x2  
  171  14:37  Mutalisk  
  171  14:38  Mutalisk  
  171  14:55  Mutalisk x3  
  171  14:57  Queen  
  176  15:07  Hatchery  
  170  15:22  Mutalisk x3  
  170  15:24  Zerg Flyer Armor Level 2  
  170  15:25  Overlord  
  170  15:26  Overlord x3, Drone x4  
  170  15:46  Mutalisk  
  170  15:47  Mutalisk x3  
  178  16:09  Drone  
  178  16:10  Drone x6  
  178  16:11  Drone x5  
  187  16:13  Drone x12  
  184  16:45  Hive  
  184  16:48  Zergling x30  
  199  16:59  Drone  
  199  17:00  Drone x2  
  195  17:09  Spore Crawler  
  170  17:37  Drone x16  
  170  17:41  Mutalisk x2  
  172  17:44  Mutalisk x3  
  172  17:46  Queen  
  172  17:49  Spire  
  179  17:55  Mutalisk x3  
  179  17:57  Mutalisk  
  185  18:20  Drone x6  
  185  18:31  Hatchery  
  180  18:46  Drone  
  180  18:50  Drone  
  181  19:00  Hatchery  
  180  19:08  Hatchery  
  179  19:17  Drone x6  
  179  19:21  Drone x4  
  176  19:45  Hatchery  
  175  20:30  Overlord x3  
  175  20:57  Spawning Pool  
  175  21:00  Drone  
  163  21:37  Drone x3  
  166  21:40  Drone x3  
  166  21:41  Extractor  
  166  21:42  Extractor  
  166  21:44  Lair  
  166  21:45  Queen  
  169  21:54  Drone  
  170  21:55  Spore Crawler x2  
  170  21:58  Spore Crawler  
  167  22:06  Drone  
  167  22:08  Drone x2  
  170  22:10  Queen  
  172  22:18  Drone  
  173  22:34  Extractor  
  173  22:35  Extractor  
  171  22:38  Drone x2  
  171  22:41  Drone x3  
  176  22:49  Drone  
  177  22:52  Hatchery  
  177  22:54  Spire  
  167  23:07  Infestation Pit  
  167  23:10  Drone  
  167  23:11  Drone x3  
  170  23:20  Overlord x2, Drone x3  
  170  23:21  Overlord  
  173  23:31  Spine Crawler  
  173  23:32  Spine Crawler  
  171  23:51  Hive  
  171  24:02  Overseer  
  171  24:06  Drone  
  171  24:07  Drone x11, Queen  
  171  24:09  Corruptor  
  185  24:11  Corruptor  
  189  24:17  Corruptor  
  191  24:46  Corruptor  
  193  25:02  Extractor  
  193  25:03  Extractor  
  193  25:04  Greater Spire  
  177  26:06  Zergling x4  
  179  26:17  Brood Lord x10  
Tags
 
Add a new tag
Caveats
  • Supply blocks, unpowered buildings, or Contaminate may cause inaccurate times.
  • Supply counts are checked every 10 seconds.